 Dungeon Crawl Stone Soup version 0.31.0-32-g396128a36d (webtiles) character file.

Game seed: 12551744236406714464

39216 Lemonizer the Fighter (level 14, -10/118 HPs)
             Began as a Gnoll Wanderer on Apr 14, 2024.
             Was a High Priest of Jiyva.
             Mangled by a large abomination (14 damage)
             ... on level 5 of the Lair of Beasts.
             The game lasted 00:40:46 (12504 turns).

Lemonizer the Fighter (Gnoll Wanderer)             Turns: 12504, Time: 00:40:46

Health: -10/118    AC: 20    Str: 21    XL:     14   Next: 5%
Magic:  25/27      EV: 16    Int: 16    God:    Jiyva [*****.]
Gold:   368        SH:  0    Dex: 17    Spells: 17/32 levels left

rFire   . . .        H - +0 executioner's axe (freeze)
rCold   . . .        (shield currently unavailable)
rNeg    . . .        m - +5 ring mail of Midsummer {Int+2}
rPois   +            N - +0 hat {Will+}
rElec   .            h - +0 cloak
rCorr   +            n - +0 pair of gloves
SInv    .            A - +0 pair of boots
Will    ++...        g - amulet of the acrobat
Stlth   +++++++      a - +6 ring of dexterity
HPRegen 1.83/turn    b - ring of poison resistance
MPRegen 0.92/turn

%: acrobat
@: slimy, studying Fighting
A: fangs 1, strong nose, distributed training, iridescent scales 2, camouflage
3, agile 1, mutation resistance 1, strong 2, jelly sensing items, jelly
absorbing missiles, MP-powered wands, noise suppression
a: Renounce Religion, Oozemancy, Slimify


You were on level 5 of the Lair of Beasts.
You worshipped Jiyva.
Jiyva was extremely pleased with you.
You visited 2 branches of the dungeon, and saw 15 of its levels.
You also visited: Bailey.

You collected 608 gold pieces.
You spent 240 gold pieces at shops.

Inventory:

Hand Weapons
 o - a +1 flail of freezing
 H - a +0 executioner's axe of freezing (weapon)
 R - a +2 war axe of electrocution
Missiles
 q - 2 throwing nets
Armour
 h - a +0 cloak (worn)
 i - a +2 robe of cold resistance
 m - the +5 ring mail of Midsummer (worn) {Int+2}
   (You found it on level 5 of the Lair of Beasts)

   Int+2:     It affects your intelligence (+2).
 n - a +0 pair of gloves (worn)
 p - the +8 chain mail of the Villain {Rampage rF+}
   (You found it on level 5 of the Lair of Beasts)

   rF+:       It protects you from fire.
   Rampage:   It bestows one free step when moving towards enemies.
 y - a +2 helmet
 A - a +0 pair of boots (worn)
 G - a +0 plate armour
 N - a +0 hat of willpower (worn)
Magical Staves
 B - a staff of air
 T - a staff of conjuration
Jewellery
 a - a +6 ring of dexterity (left hand)
 b - a ring of poison resistance (right hand)
 g - an amulet of the acrobat (around neck)
 z - a ring of positive energy
Wands
 j - a wand of quicksilver (6)
 l - a wand of polymorph (3)
 s - a wand of digging (6)
 v - a wand of roots (13)
 x - a wand of flame (18)
Scrolls
 c - 6 scrolls of revelation
 r - 3 scrolls of teleportation
 w - a scroll of poison
 C - 2 scrolls of enchant armour {unknown}
 D - a scroll of acquirement {unknown}
 F - 2 scrolls of immolation {unknown}
 I - 6 scrolls of enchant weapon
 J - a scroll of amnesia {unknown}
 O - 2 scrolls of fear {unknown}
 P - a scroll of fog {unknown}
Potions
 d - 4 potions of might
 e - a potion of ambrosia
 f - 2 potions of magic
 t - a potion of degeneration {unknown}
 u - 2 potions of resistance
 E - a potion of invisibility
 K - a potion of brilliance {unknown}
 L - a potion of mutation {unknown}
 M - 4 potions of curing {unknown}
 Q - a potion of attraction {unknown}
 U - a potion of cancellation {unknown}
Miscellaneous
 k - a condenser vane
 S - a sack of spiders


   Skills:
 + Level 13.3 Fighting
 + Level 9.2 Short Blades
 + Level 9.2 Long Blades
 + Level 9.6 Axes
 + Level 9.2 Maces & Flails
 + Level 9.2 Polearms
 + Level 9.2 Staves
 + Level 9.2 Ranged Weapons
 + Level 9.2 Throwing
 + Level 9.2 Armour
 + Level 9.2 Dodging
 + Level 9.2 Stealth
 + Level 9.2 Shields
 + Level 9.2 Unarmed Combat
 + Level 9.6 Spellcasting
 + Level 7.6 Conjurations
 + Level 7.6 Hexes
 + Level 7.6 Summonings
 + Level 7.6 Necromancy
 + Level 7.6 Translocations
 + Level 7.6 Fire Magic
 + Level 11.6 Ice Magic
 + Level 7.6 Air Magic
 + Level 7.6 Earth Magic
 + Level 7.6 Alchemy
 + Level 10.0 Invocations
 + Level 9.2 Evocations
 + Level 8.4 Shapeshifting


You had 17 spell levels left.
You knew the following spells:

 Your Spells              Type           Power      Damage    Failure   Level
a - Freeze                Ice            100%       1d10      1%          1
b - Hailstorm             Conj/Ice       38%        3d9       1%          3
c - Summon Ice Beast      Ice/Summ       38%        N/A       1%          3
d - Call Canine Familiar  Summ           32%        N/A       1%          3
e - Irradiate             Conj/Alch      16%        3d17      17%         5

Your spell library contained the following spells:

 Spells                   Type           Power      Damage    Failure   Level
 Sandblast                Erth           64%        2d14      1%          1
 Summon Small Mammal      Summ           100%       N/A       1%          1
 Ensorcelled Hibernation  Hex/Ice        76%        N/A       1%          2
 Gell's Gravitas          Tloc           32%        N/A       1%          3
 Passwall                 Erth           32%        N/A       1%          3
 Stone Arrow              Conj/Erth      64%        3d11      1%          3
 Swiftness                Air            32%        N/A       1%          3
 Teleport Other           Tloc           32%        N/A       1%          3
 Brom's Barrelling Bould  Conj/Erth      32%        2d5       6%          4
 Fulminant Prism          Conj/Alch      16%        3d10      6%          4
 Summon Blazeheart Golem  Fire/Summ      32%        N/A       6%          4
 Sculpt Simulacrum        Ice/Alch       19%        N/A       38%         6
 Dispersal                Tloc           16%        N/A       67%         6
 Chain Lightning          Conj/Air       16%        3d21      100%        9
 Fire Storm               Conj/Fire      16%        8d4       100%        9
 Shatter                  Erth           16%        3d15*     100%        9


Dungeon Overview and Level Annotations

Branches:
Dungeon (10/15)            Temple (0/1) D:4            Lair (5/5) D:10
  Swamp (0/4) Lair:2        Snake (0/4) Lair:3        Slime (0/5) Lair:5
    Orc (0/2) D:10         Bailey (visited)

Altars:
Ashenzari
Cheibriados
Fedhas
Hepliaklqana
Kikubaaqudgha
Nemelex Xobeh
Okawaru
Ru
Uskayaw
Vehumet
Yredelemnul
Zin
The Shining One
Jiyva

Shops:
D:6 =

Annotations:
Lair:3 3 runed translucent doors, Fractals's ghost, journeyman DsGl


Innate Abilities, Weirdness & Mutations

You have very sharp teeth.
Your uncanny sense of smell can sniff out nearby items.
Your experience applies equally to all skills.
You are mostly covered in iridescent scales. (AC +4)
Your skin perfectly mimics your surroundings (Stealth+++).
You are agile. (Dex +4, Str/Int -1)
You are somewhat resistant to further mutation.
Your muscles are very strong. (Str +8, Int/Dex -2)
You have a small jelly attached to you that senses nearby items.
You have a small jelly attached to you that may absorb projectiles.
You expend magic power (3 MP) to strengthen your wands.
You passively dampen the noise of your surroundings.


Message History

The red ugly thing is almost dead.
You hit the thrashing horror. The thrashing horror barely misses you.
The thrashing horror misses you. The thrashing horror tramples you.
You hold your ground!
The thrashing horror tramples you but does no damage.
The green ugly thing basks in the mutagenic energy from its kin and changes!
The red ugly thing closely misses you.
You chop the red ugly thing into pieces!!!
You freeze the red ugly thing.
You kill the red ugly thing!
You slash the thrashing horror! You freeze the thrashing horror.
The thrashing horror churns violently!
The thrashing horror seems to grow stronger.
The thrashing horror barely misses you. The thrashing horror misses you.
The red ugly thing basks in the mutagenic energy from its kin and changes!
The large abomination hits you!
A thick mucus forms on your +0 executioner's axe of freezing.
The large abomination hits you!!
* * * LOW HITPOINT WARNING * * *
You closely miss the thrashing horror.
The thrashing horror is almost destroyed.
You slash the large abomination! You freeze the large abomination.
Your familiar recovers from its injuries.
The thrashing horror barely misses you. The thrashing horror tramples you!
* * * LOW HITPOINT WARNING * * *
You hold your ground!
The large abomination closely misses you.
You hit the thrashing horror but do no damage.
You bite the thrashing horror.
The thrashing horror is almost destroyed.
You hit the large abomination. You freeze the large abomination.
The thrashing horror tramples you!
* * * LOW HITPOINT WARNING * * *
You hold your ground!
The thrashing horror tramples you.
* * * LOW HITPOINT WARNING * * *
You hold your ground!
The large abomination hits you but does no damage.
The thrashing horror barely misses you. The thrashing horror misses you.
The large abomination hits you!
You die...

♣♣..♣.♣♣♣♣♣♣...... ### ###
♣♣.......♣♣...♣♣...
#.####.##♣♣
♣♣...♣♣.......♣♣♣♣♣♣
.#...#..#.♣♣♣♣..♣♣♣♣♣♣♣.♣♣♣♣
♣ ............♣♣..♣♣ ♣♣♣ ∆
........<...♣♣♣..♣♣ ∆∆ ∆∆
............♣ ♣♣..♣ ∆
............♣ ♣X.♣♣♣♣♣♣♣♣ ∆
P..P#P##..##♣
♣♣@Xu♣♣...♣♣♣..♣ ..######.##
♣♣♣uu.........♣ ♣ .#.# ###
♣♣♣.♣.♣....♣♣ ♣ ..##
♣....÷♣♣♣♣ ♣ ### ♣♣♣....♣
♣♣♣♣♣♣


You could see 3 ugly things, a thrashing horror (strong) and a large
abomination.

Vanquished Creatures
  Gastronok (Lair:1)
  An anaconda (Lair:4)
  A thrashing horror (Lair:5)
  6 death yaks
  2 skysharks (Lair:5)
  A bog body (Lair:2)
  2 ugly things (Lair:5)
  An oklob plant (Lair:4)
  5 black mambas
  A torpor snail (Lair:5)
  A smoke demon (Lair:5)
  4 komodo dragons
  9 cane toads
  3 rime drakes
  3 hornets (Lair:4)
  A raiju (Lair:5)
  3 polar bears
  11 blink frogs
  A raiju (shapeshifter) (Lair:5)
  3 wyverns
  40 yaks
  A wraith (D:9)
  A ynoxinul (Lair:5)
  5 basilisks
  2 steam dragons (D:8)
  3 vampire mosquitoes (D:10)
  2 chaos spawn (Lair:5)
  2 nagas (Lair:3)
  8 small abominations (Lair:5)
  13 water moccasins
  An ice beast (D:5)
  9 orc warriors
  A sky beast (D:6)
  6 black bears
  An ogre (D:7)
  7 wolves
  2 centaurs (D:8)
  A kobold brigand (D:10)
  13 bullfrogs
  A scorpion (D:5)
  3 wights (D:8)
  2 killer bees (D:9)
  A howler monkey (D:6)
  7 orc priests
  A hound (D:5)
  3 bombardier beetles
  2 gnoll boudas
  2 iguanas
  A sleepcap (D:4)
  4 orc wizards
  2 nameless horrors
  4 adders
  A howler monkey skeleton (D:2)
  11 gnolls
  2 ufetubi
  An adder skeleton (D:2)
  5 ribbon worms
  3 dart slugs
  36 orcs
  8 ball pythons
  7 bats
  3 endoplasms
  2 giant cockroaches (D:2)
  5 goblins
  10 hobgoblins
  12 jackals
  A quokka (D:1)
  A ball python zombie (D:2)
  11 kobolds
  8 rats
338 creatures vanquished.

Vanquished Creatures (collateral kills)
  A hydra (Lair:5)
  2 death yaks
  2 black mambas
  2 komodo dragons
  Grinder (D:5)
  A blink frog (Lair:5)
  A dream sheep (Lair:1)
  A hornet (Lair:4)
  2 spriggans
  2 small abominations (Lair:5)
  A ynoxinul (Lair:5)
  3 yaks (D:10)
  A wyvern (Lair:1)
  A warg (D:10)
  A naga (Lair:3)
  An acid dragon (D:9)
  An orc warrior (Bailey)
  2 black bears
  An ogre (D:5)
  Blork the orc (D:5)
  2 bullfrogs
  A scorpion (D:6)
  An orc wizard (D:9)
  2 adders (D:2)
  2 gnolls (D:6)
  2 orcs (D:9)
  2 hobgoblins
40 creatures vanquished.

Vanquished Creatures (others)
  2 komodo dragons
  A blink frog (Lair:2)
  2 yaks (D:10)
  3 water moccasins
  A black bear (D:6)
  3 centaurs
  A phantom (D:7)
  A bullfrog (Lair:2)
  A scorpion (D:5)
  3 killer bees (D:9)
  A bombardier beetle (D:5)
  16 jellies
  2 orc priests (D:4)
  2 orc wizards
  A gnoll (D:7)
  2 ufetubi
  A ribbon worm (D:3)
  4 endoplasms
  11 orcs
  3 bats (D:3)
  A giant cockroach (D:3)
  5 goblins
  5 hobgoblins (D:3)
  2 jackals (D:3)
  A rat (D:3)
75 creatures vanquished.

Grand Total: 453 creatures vanquished

Notes
Turn   | Place    | Note
-------+----------+-------------------------------------------
     0 | D:1      | Lemonizer the Gnoll Wanderer began the quest for the Orb.
     0 | D:1      | Lemonizer set off with the following items: a +1 hand axe,
                  | a potion of berserk rage, a +0 leather armour; and the
                  | following spell memorised: Freeze; and the following spells
                  | available to memorise: Hailstorm, Summon Ice Beast.
     0 | D:1      | Reached XP level 1. HP: 23/23 MP: 4/4
   227 | D:1      | Reached XP level 2. HP: 21/29 MP: 5/5
   546 | D:1      | Reached XP level 3. HP: 34/35 MP: 7/7
  1003 | D:2      | Learned a level 3 spell: Hailstorm
  1007 | D:2      | Learned a level 3 spell: Summon Ice Beast
  1037 | D:2      | Reached skill level 1 in Invocations
  1071 | D:2      | Noticed a black bear
  1082 | D:2      | Killed a black bear
  1083 | D:2      | Reached skill level 1 in Short Blades
  1083 | D:2      | Reached skill level 1 in Long Blades
  1083 | D:2      | Reached skill level 1 in Maces & Flails
  1083 | D:2      | Reached skill level 1 in Polearms
  1083 | D:2      | Reached skill level 1 in Staves
  1083 | D:2      | Reached skill level 1 in Ranged Weapons
  1083 | D:2      | Reached skill level 1 in Throwing
  1083 | D:2      | Reached skill level 1 in Armour
  1083 | D:2      | Reached skill level 1 in Dodging
  1083 | D:2      | Reached skill level 1 in Stealth
  1083 | D:2      | Reached skill level 1 in Shields
  1083 | D:2      | Reached skill level 1 in Unarmed Combat
  1083 | D:2      | Reached skill level 1 in Conjurations
  1083 | D:2      | Reached skill level 1 in Hexes
  1083 | D:2      | Reached skill level 1 in Summonings
  1083 | D:2      | Reached skill level 1 in Necromancy
  1083 | D:2      | Reached skill level 1 in Translocations
  1083 | D:2      | Reached skill level 1 in Fire Magic
  1083 | D:2      | Reached skill level 1 in Air Magic
  1083 | D:2      | Reached skill level 1 in Earth Magic
  1083 | D:2      | Reached skill level 1 in Alchemy
  1083 | D:2      | Reached skill level 1 in Evocations
  1083 | D:2      | Reached skill level 1 in Shapeshifting
  1083 | D:2      | Reached XP level 4. HP: 19/41 MP: 2/8
  1083 | D:2      | Reached XP level 5. HP: 22/47 MP: 2/9
  2014 | D:3      | Found a faded altar of an unknown god.
  2084 | D:3      | Reached XP level 6. HP: 27/53 MP: 9/11
  2306 | D:3      | Prayed at the altar of an unknown god.
  2306 | D:3      | Became a worshipper of Jiyva Juemeder the Shapeless
  2306 | D:3      | Reached * piety under Jiyva
  2479 | D:3      | Found an ancient bone altar of Kikubaaqudgha.
  2654 | D:3      | Found a glowing golden altar of the Shining One.
  2782 | D:3      | Reached ** piety under Jiyva
  3031 | D:3      | Found an iron altar of Okawaru.
  3056 | D:4      | Found a hide-covered altar of Uskayaw.
  3156 | D:4      | Found a sacrificial altar of Ru.
  3266 | D:4      | Found a sparkling altar of Nemelex Xobeh.
  3345 | D:4      | Noticed a black bear
  3352 | D:4      | Killed a black bear
  3418 | D:4      | Found a staircase to the Ecumenical Temple.
  3600 | D:5      | Entered Level 5 of the Dungeon
  3613 | D:5      | Noticed an ice beast
  3626 | D:5      | Killed an ice beast
  3627 | D:5      | Reached skill level 7 in Fighting
  3627 | D:5      | Reached XP level 7. HP: 60/60 MP: 12/12
  3706 | D:5      | Found a radiant altar of Vehumet.
  3719 | D:5      | Found a hazy altar of Hepliaklqana.
  3782 | D:5      | Noticed Blork the orc
  3792 | D:5      | Killed Blork the orc
  3793 | D:5      | Reached XP level 8. HP: 53/67 MP: 7/14
  3822 | D:5      | Noticed Grinder
  3850 | D:5      | Killed Grinder
  3953 | D:5      | Reached *** piety under Jiyva
  3977 | D:5      | Found a broken altar of Ashenzari.
  3999 | D:5      | Gained mutation: You are agile. (Dex +4, Str/Int -1)
                  | [Jiyva's grace]
  3999 | D:5      | Gained mutation: You are very agile. (Dex +8, Str/Int -2)
                  | [Jiyva's grace]
  3999 | D:5      | Gained mutation: You have a small jelly attached to you
                  | that senses nearby items. [Jiyva's grace]
  3999 | D:5      | Gained mutation: You are somewhat resistant to further
                  | mutation. [Jiyva's grace]
  4395 | D:6      | Found a glowing silver altar of Zin.
  4475 | D:6      | Reached **** piety under Jiyva
  4671 | D:6      | Found Zamob's Jewellery Boutique.
  5311 | D:7      | Reached skill level 5 in Spellcasting
  5311 | D:7      | Reached XP level 9. HP: 66/73 MP: 16/16
  5406 | D:7      | Reached ***** piety under Jiyva
  5435 | D:7      | Reached skill level 5 in Axes
  5501 | D:7      | Lost mutation: You have a small jelly attached to you that
                  | senses nearby items. [Jiyva's grace]
  5501 | D:7      | Gained mutation: You have a small jelly attached to you
                  | that senses nearby items. [Jiyva's grace]
  5501 | D:7      | Gained mutation: You are partially covered in iridescent
                  | scales. (AC +2) [Jiyva's grace]
  5501 | D:7      | Gained mutation: You are mostly covered in iridescent
                  | scales. (AC +4) [Jiyva's grace]
  5501 | D:7      | Gained mutation: You are completely covered in iridescent
                  | scales. (AC +6) [Jiyva's grace]
  5986 | D:8      | Reached skill level 8 in Fighting
  6061 | D:8      | Reached skill level 5 in Invocations
  6127 | D:8      | Got the Octavo of Rime and Concussion
  6387 | D:9      | Found a snail-covered altar of Cheibriados.
  6500 | D:9      | Found a flagged portal.
  6592 | D:9      | Learned a level 3 spell: Call Canine Familiar
  6594 | Bailey   | Entered a bailey
  6702 | Bailey   | Reached skill level 5 in Short Blades
  6702 | Bailey   | Reached skill level 5 in Long Blades
  6702 | Bailey   | Reached skill level 5 in Maces & Flails
  6702 | Bailey   | Reached skill level 5 in Polearms
  6702 | Bailey   | Reached skill level 5 in Staves
  6702 | Bailey   | Reached skill level 5 in Ranged Weapons
  6702 | Bailey   | Reached skill level 5 in Throwing
  6702 | Bailey   | Reached skill level 5 in Armour
  6702 | Bailey   | Reached skill level 5 in Dodging
  6702 | Bailey   | Reached skill level 5 in Stealth
  6702 | Bailey   | Reached skill level 5 in Shields
  6702 | Bailey   | Reached skill level 5 in Unarmed Combat
  6702 | Bailey   | Reached skill level 5 in Evocations
  6702 | Bailey   | Reached XP level 10. HP: 81/81 MP: 18/18
  6859 | Bailey   | Noticed an orc knight
  6859 | Bailey   | Noticed an orc knight
  6942 | Bailey   | Slimified an orc knight
  6942 | Bailey   | an orc knight changed into an azure jelly
  6942 | Bailey   | Noticed an azure jelly
  6964 | Bailey   | Slimified an orc knight
  6964 | Bailey   | an orc knight changed into a slime creature
  7136 | D:9      | Found a blossoming altar of Fedhas.
  7365 | D:10     | Entered Level 10 of the Dungeon
  7467 | D:10     | Found a staircase to the Orcish Mines.
  7534 | D:10     | Reached skill level 5 in Shapeshifting
  7591 | D:10     | Lost mutation: You are completely covered in iridescent
                  | scales. (AC +6) [Jiyva's grace]
  7591 | D:10     | Gained mutation: You expend magic power (3 MP) to
                  | strengthen your wands. [Jiyva's grace]
  7591 | D:10     | Gained mutation: Your muscles are strong. (Str +4, Int/Dex
                  | -1) [Jiyva's grace]
  7591 | D:10     | Gained mutation: Your muscles are very strong. (Str +8,
                  | Int/Dex -2) [Jiyva's grace]
  7591 | D:10     | Gained mutation: You passively dampen the noise of your
                  | surroundings. [Jiyva's grace]
  7662 | D:10     | Found a basalt altar of Yredelemnul.
  7768 | D:10     | Noticed a death yak
  7779 | D:10     | Reached skill level 9 in Fighting
  7779 | D:10     | Reached skill level 10 in Ice Magic
  7784 | D:10     | Killed a death yak
  7788 | D:10     | Found a staircase to the Lair.
  7789 | D:10     | Noticed a death yak
  7806 | D:10     | Noticed a death yak
  7807 | D:10     | Noticed a death yak
  7814 | D:10     | Noticed a death yak
  7824 | D:10     | Killed a death yak
  7826 | D:10     | Killed a death yak
  7827 | D:10     | Reached skill level 5 in Conjurations
  7827 | D:10     | Reached skill level 5 in Hexes
  7827 | D:10     | Reached skill level 5 in Summonings
  7827 | D:10     | Reached skill level 5 in Necromancy
  7827 | D:10     | Reached skill level 5 in Translocations
  7827 | D:10     | Reached skill level 5 in Fire Magic
  7827 | D:10     | Reached skill level 5 in Air Magic
  7827 | D:10     | Reached skill level 5 in Earth Magic
  7827 | D:10     | Reached skill level 5 in Alchemy
  7827 | D:10     | Reached XP level 11. HP: 76/89 MP: 21/21
  7828 | D:10     | Killed a death yak
  7836 | D:10     | Slimified a death yak
  7836 | D:10     | a death yak changed into an acid blob
  7836 | D:10     | Noticed an acid blob
  8233 | Lair:1   | Entered Level 1 of the Lair of Beasts
  8266 | Lair:1   | HP: 4/135 [cane toad (5)]
  8268 | Lair:1   | Reached skill level 10 in Fighting
  8271 | Lair:1   | HP: 2/90 [poisoned by a cane toad]
  8363 | D:6      | Bought a ring of poison resistance for 240 gold pieces
  8599 | Lair:1   | a dream sheep changed into an azure jelly
  8599 | Lair:1   | Noticed an azure jelly
  8733 | Lair:1   | Noticed Gastronok
  8760 | Lair:1   | Killed Gastronok
  8836 | Lair:1   | Noticed Joseph
  8837 | Lair:1   | Reached XP level 12. HP: 60/99 MP: 23/23
  8845 | Lair:1   | Slimified Joseph
  8845 | Lair:1   | Joseph changed into Joseph the jelly
  8845 | Lair:1   | Noticed Joseph
  9234 | Lair:2   | Noticed a four-headed hydra
  9243 | Lair:2   | Slimified a four-headed hydra
  9243 | Lair:2   | a four-headed hydra changed into an azure jelly
  9243 | Lair:2   | Noticed an azure jelly
  9250 | Lair:2   | Reached skill level 11 in Fighting
  9371 | Lair:2   | Lost mutation: You are very agile. (Dex +8, Str/Int -2)
                  | [Jiyva's grace]
  9371 | Lair:2   | Gained mutation: Your system is resistant to poisons.
                  | (rPois) [Jiyva's grace]
  9371 | Lair:2   | Gained mutation: Your translucent skin slightly reduces
                  | your foes' accuracy. (Stealth+) [Jiyva's grace]
  9371 | Lair:2   | Gained mutation: Your translucent skin reduces your foes'
                  | accuracy. (Stealth+) [Jiyva's grace]
  9371 | Lair:2   | Gained mutation: Your transparent skin significantly
                  | reduces your foes' accuracy. (Stealth+) [Jiyva's grace]
  9450 | Lair:2   | Found a staircase to the Swamp.
 10023 | Lair:3   | Noticed a death yak
 10024 | Lair:3   | Noticed a death yak
 10024 | Lair:3   | Noticed a death yak
 10043 | Lair:3   | Killed a death yak
 10065 | Lair:3   | Killed a death yak
 10070 | Lair:3   | Killed a death yak
 10071 | Lair:3   | Noticed a death yak
 10105 | Lair:3   | Killed a death yak
 10112 | Lair:3   | Found a runed translucent gate.
 10113 | Lair:3   | Found a runed translucent gate.
 10114 | Lair:3   | Found a runed translucent gate.
 10143 | Lair:3   | Noticed Fractals's ghost (journeyman DsGl)
 10145 | Lair:3   | Noticed an ice dragon
 10383 | Lair:3   | Reached skill level 12 in Fighting
 10443 | Lair:3   | Found a staircase to the Snake Pit.
 10697 | Lair:3   | Reached XP level 13. HP: 92/108 MP: 25/25
 10906 | Lair:4   | Learned a level 5 spell: Irradiate
 10959 | Lair:4   | a seven-headed hydra changed into an acid blob
 10959 | Lair:4   | Noticed an acid blob
 10988 | Lair:4   | Lost mutation: Your system is resistant to poisons. (rPois)
                  | [Jiyva's grace]
 10988 | Lair:4   | Lost mutation: Your transparent skin significantly reduces
                  | your foes' accuracy. (Stealth+) [Jiyva's grace]
 10988 | Lair:4   | Lost mutation: Your translucent skin reduces your foes'
                  | accuracy. (Stealth+) [Jiyva's grace]
 10988 | Lair:4   | Gained mutation: You have a small jelly attached to you
                  | that may absorb projectiles. [Jiyva's grace]
 10988 | Lair:4   | Lost mutation: Your translucent skin slightly reduces your
                  | foes' accuracy. (Stealth+) [Jiyva's grace]
 10988 | Lair:4   | Gained mutation: Your skin changes colour to match your
                  | surroundings (Stealth+). [Jiyva's grace]
 10988 | Lair:4   | Gained mutation: Your skin blends seamlessly with your
                  | surroundings (Stealth++). [Jiyva's grace]
 10988 | Lair:4   | Gained mutation: Your skin perfectly mimics your
                  | surroundings (Stealth+++). [Jiyva's grace]
 11628 | Lair:5   | Entered Level 5 of the Lair of Beasts
 11648 | Lair:5   | Identified the +5 ring mail of Midsummer {Int+2}
 11760 | Lair:5   | HP: 7/163 [yak[a torpor snail] (3)]
 11931 | Lair:5   | Found a viscous altar of Jiyva.
 11932 | Lair:5   | Found a staircase to the Slime Pits.
 12128 | Lair:5   | Reached skill level 13 in Fighting
 12461 | Lair:5   | Reached skill level 10 in Invocations
 12461 | Lair:5   | Reached XP level 14. HP: 79/118 MP: 27/27
 12478 | Lair:5   | Identified the +8 chain mail of the Villain {Rampage rF+}
 12504 | Lair:5   | HP: 4/118 [thrashing horror (2)]
 12504 | Lair:5   | Mangled by a large abomination

Illustrated notes

Levels and vault maps discovered:
D:1:      ncdulo_watergridlock, layout_basic, st_stairs_1
D:2:      layout_basic, serial_undead, serial_undead_b, serial_undead_b,
          serial_undead_f, serial_undead_c
D:3:      minmay_diamond_boxcup, layout_loops_ring, kiku_gazebo_garden_becter,
          marbit_many_paths, nicolae_overflow_hidden_temple,
          shapermc_ecumenical_altar_totnotflames, minmay_goblin_kobold_house
D:4:      layout_basic, mainiacjoe_overflow_surrounded_room,
          nemelex_diamond_rough_becter, nicolae_ru_sacrificial_ziggurat,
          minmay_temple_entry_poolview
D:5:      layout_loops_cross, evilmike_ruin_ashenzari, jmf_multi_god_temple2,
          uniq_blork_the_orc, uniq_grinder
D:6:      layout_loops_ring, mainiacjoe_overflow_cross_hatched, serial_shops,
          kennysheep_mini, chequers_avenue, serial_library_hellmonk_layered_room
D:7:      layout_cave_pools
D:8:      layout_loops_ring, minivault_21
D:9:      layout_roguey, mainiacjoe_overflow_boulevard, slow_altar_1,
          enter_bailey_2
D:10:     layout_stronghold, mainiacjoe_overflow_chevrons, dpeg_lair_monsters,
          erik_orc_4
Lair:1:   layout_chaotic_city, dreamdust_gnoll_shepherd, serial_bayou_shore_b,
          uniq_gastronok, uniq_joseph
Lair:2:   layout_regular_city, skrybe_swamp_entry_bodies, st_stairs_5,
          grunt_megastairs_1
Lair:3:   layout_hall_layers, nicolae_snake_entry_squirm, gammafunk_ghost_icy,
          grunt_forest_large_clearings, lemuel_fruit_tree, lemuel_fruit_fields
Lair:4:   cheibrodos_lair_overgrown_chateau, layout_loops_ring
Lair:5:   hellmonk_lair_end_abyssal_woods, layout_cellular_growth, slime_entry_1

Skill      XL: |  1  2  3  4  5  6  7  8  9 10 11 12 13 |
---------------+----------------------------------------+-----
Invocations    | 1 2 3 4 5 6 7 8 10 | 10.0
Short Blades   | 1 2 3 4 5 6 7 8 9 |  9.2
Long Blades    | 1 2 3 4 5 6 7 8 9 |  9.2
Axes           | 3 4 5 6 7 8 9 |  9.6
Maces & Flails | 1 2 3 4 5 6 7 8 9 |  9.2
Polearms       | 1 2 3 4 5 6 7 8 9 |  9.2
Staves         | 1 2 3 4 5 6 7 8 9 |  9.2
Ranged Weapons | 1 2 3 4 5 6 7 8 9 |  9.2
Throwing       | 1 2 3 4 5 6 7 8 9 |  9.2
Armour         | 1 2 3 4 5 6 7 8 9 |  9.2
Dodging        | 1 2 3 4 5 6 7 8 9 |  9.2
Stealth        | 1 2 3 4 5 6 7 8 9 |  9.2
Shields        | 1 2 3 4 5 6 7 8 9 |  9.2
Unarmed Combat | 1 2 3 4 5 6 7 8 9 |  9.2
Spellcasting   | 3 4 5 6 7 8 9 |  9.6
Conjurations   | 1 2 3 4 5 6 7 |  7.6
Hexes          | 1 2 3 4 5 6 7 |  7.6
Summonings     | 1 2 3 4 5 6 7 |  7.6
Necromancy     | 1 2 3 4 5 6 7 |  7.6
Translocations | 1 2 3 4 5 6 7 |  7.6
Fire Magic     | 1 2 3 4 5 6 7 |  7.6
Air Magic      | 1 2 3 4 5 6 7 |  7.6
Earth Magic    | 1 2 3 4 5 6 7 |  7.6
Alchemy        | 1 2 3 4 5 6 7 |  7.6
Evocations     | 1 2 3 4 5 6 7 8 9 |  9.2
Shapeshifting  | 1 2 3 4 5 6 7 8 |  8.4
Ice Magic      | 9 10 11 | 11.6
Fighting       | 7 8 9 10 12 13 | 13.3

Action                     |  1- 3 |  4- 6 |  7- 9 | 10-12 | 13-15 || total
---------------------------+-------+-------+-------+-------+-------++-------
  Melee: Hand axe          |    84 |   128 |       |     7 |       ||   219
         Bite              |     7 |    25 |    45 |    59 |    45 ||   181
         Punch             |     3 |     5 |    13 |       |       ||    21
         War axe           |       |    44 |   127 |       |       ||   171
         Battleaxe         |       |       |   147 |    43 |       ||   190
         Executioner's axe |       |       |       |   335 |   283 ||   618
         Flail             |       |       |       |       |     2 ||     2
   Cast: Summon Ice Beast  |     1 |     2 |    11 |    11 |    14 ||    39
         Freeze            |       |    13 |    12 |       |    12 ||    37
         Hailstorm         |       |       |     9 |       |       ||     9
         Call Canine Famil |       |       |       |     7 |     7 ||    14
 Invoke: Slimify           |       |       |       |     6 |     2 ||     8
         Oozemancy         |       |       |       |     1 |     1 ||     2
  Evoke: Wand              |       |       |     1 |       |     1 ||     2
    Use: Scroll            |       |       |     3 |     2 |     5 ||    10
         Potion            |       |       |       |     2 |     4 ||     6
   Stab: Sleeping          |     1 |     4 |     5 |    20 |     8 ||    38
         Distracted        |       |       |     2 |     5 |     4 ||    11
 Armour: Leather armour    |    26 |       |       |       |       ||    26
         Robe              |    31 |    99 |   263 |   300 |    63 ||   756
         Skin              |       |       |       |     3 |    53 ||    56
         Ring mail         |       |       |       |       |   259 ||   259
  Dodge: Dodged            |    66 |   127 |   339 |   493 |   423 ||  1448
